 Dungeon Crawl Stone Soup version 0.20-a0-738-gb057e68 (webtiles) character file.

105 Gorglomux the Skirmisher (level 4, 0/35 HPs)
             Began as a Demonspawn Wanderer on Feb 23, 2017.
             Was an Initiate of Makhleb.
             Slain by a kobold
             ... wielding a +0 club
              (2 damage)
             ... on level 2 of the Dungeon.
             The game lasted 00:04:59 (2793 turns).

Gorglomux the Skirmisher (Demonspawn Wanderer)      Turns: 2793, Time: 00:04:59

Health: 0/35       AC:  2    Str: 13    XL:     4   Next: 53%
Magic:  8/8        EV: 12    Int: 13    God:    Makhleb [......]
Gold:   94         SH:  0    Dex: 13    Spells: 9/9 levels left

rFire    . . .     SeeInvis .   b - +0 hunting sling
rCold    . . .     Gourm    .   d - +0 robe
rNeg     + . .     Faith    .   (no shield)
rPois    .         Spirit   .   (helmet restricted)
rElec    .         Reflect  .   (no cloak)
rCorr    +         Harm     .   (no gloves)
MR       .....                  (no boots)
Stlth    +++.......             (no amulet)
Regen    0.2/turn               g - ring of resist corrosion
MPRegen  0.2/turn               Q - ring of positive energy

@: lethally poisoned (0 -> -10), flying, very slightly contaminated, hasted,
very quick
A: antennae 1, nightstalker 1
a: Renounce Religion


You were on level 2 of the Dungeon.
You worshipped Makhleb.
Makhleb was noncommittal.
You were hungry.

You visited 1 branch of the dungeon, and saw 3 of its levels.

You collected 94 gold pieces.

Inventory:

Hand Weapons
 a - a +0 dagger
 b - a +0 hunting sling (weapon)
 L - a +0 club
Missiles
 U - 11 stones (quivered)
Armour
 d - a +0 robe (worn)
Jewellery
 g - a ring of resist corrosion (right hand)
 Q - a ring of positive energy (left hand)
Scrolls
 R - 2 scrolls of identify
 S - 2 scrolls of enchant weapon
 V - a scroll of amnesia {unknown}
 W - a scroll of blinking {unknown}
Miscellaneous
 X - a phial of floods
Comestibles
 f - 3 bread rations
 M - a meat ration
 O - 2 royal jellies
 P - 7 fruits


   Skills:
 - Level 3.5 Fighting
   Level 1.0 Long Blades
 - Level 1.7 Dodging
 - Level 1.0 Stealth
   Level 1.0 Shields
 - Level 3.0 Spellcasting
 + Level 3.1 Invocations
 - Level 1.0 Evocations


You had 9 spell levels left.
You didn't know any spells.

Dungeon Overview and Level Annotations

Branches:
Dungeon (3/15)

Altars:
Cheibriados
Makhleb


Innate Abilities, Weirdness & Mutations

You have a pair of small antennae on your head.
You are slightly more attuned to the shadows.


Message History

Firing (i - inventory):
U - 14 stones (quivered)
Press: ? - help, Shift-Dir - straight line, f - kobold
Aim: a kobold, wielding a club You shoot a stone.
The stone closely misses the kobold.
* * * LOW HITPOINT WARNING * * *
You feel sick.
Firing (i - inventory):
U - 13 stones (quivered)
Press: ? - help, Shift-Dir - straight line, f/p - kobold
Aim: a kobold, wielding a club You shoot a stone.
The stone hits the kobold.
The kobold is severely wounded.
* * * LOW HITPOINT WARNING * * *
You feel sick.
Firing (i - inventory):
U - 12 stones (quivered)
Press: ? - help, Shift-Dir - straight line, f/p - kobold
Aim: a kobold, wielding a club (severely wounded)
You shoot a stone. The stone barely misses the kobold.
* * * LOW HITPOINT WARNING * * *
You feel sick. The kobold hits you with a club.
You die...

#############
#...........#
#...........#
#...........#
###...........#
#.............#
#.#(..K@......#
#.#...........#
###.###.........#
#3#_#4#.........#
#######.........#
#2#...........#
###...........#
########...........#
#........##.......##


You could see a kobold.

Vanquished Creatures
  4 adders
  An ooze (D:1)
  A worm (D:2)
  A dart slug (D:3)
  A leopard gecko (D:3)
  An orc (D:3)
  4 bats (D:1)
  2 giant cockroaches (D:1)
  12 goblins
  8 hobgoblins
  3 jackals (D:1)
  2 quokkas
  A ball python (D:1)
  5 frilled lizards
  7 kobolds
  4 rats
57 creatures vanquished.

Notes
Turn   | Place    | Note
-------+----------+-------------------------------------------
     0 | D:1      | Gorglomux the Demonspawn Wanderer began the quest for the Orb.
     0 | D:1      | Gorglomux set off with: a potion of lignification, a +0 robe, a +0 club, a bread ration, a scroll of teleportation, a phial of floods
     0 | D:1      | Reached XP level 1. HP: 15/15 MP: 4/4
   467 | D:1      | Gained mutation: You have a pair of small antennae on your head. [demonic ancestry]
   467 | D:1      | Reached XP level 2. HP: 13/22 MP: 6/6
   933 | D:1      | Reached skill level 3 in Fighting
   965 | D:1      | Reached XP level 3. HP: 29/29 MP: 7/7
  1663 | D:2      | Found a burning altar of Makhleb.
  1663 | D:2      | Noticed a blizzard demon
  1666 | D:2      | Noticed a smoke demon
  1666 | D:2      | Noticed a hellwing
  1668 | D:2      | Became a worshipper of Makhleb the Destroyer
  1767 | D:2      | Reached skill level 1 in Invocations
  1978 | D:2      | You fall through a shaft!
  1998 | D:3      | Gained mutation: You are slightly more attuned to the shadows. [demonic ancestry]
  1998 | D:3      | Reached XP level 4. HP: 35/35 MP: 8/8
  2422 | D:2      | Found a snail-covered altar of Cheibriados.
  2440 | D:2      | Reached skill level 3 in Invocations
  2793 | D:2      | Slain by a kobold

Vault maps used:
D:1:      minmay_arrival_hallway
D:2:      cheibriados_altar_1, makhleb_altar_promises_db, first_bread

Skill      XL: |  1  2  3  4 |
---------------+-------------+-----
Fighting       | 2 3 |  3.5
Invocations    | 1 3 |  3.1
Long Blades    | |  1.0
Dodging        | |  1.7
Stealth        | |  1.0
Shields        | |  1.0
Spellcasting   | |  3.0
Evocations     | |  1.0

Action                   |  1- 3 |  4- 6 || total
-------------------------+-------+-------++-------
Melee: Club              |    42 |       ||    42
 Fire: Hunting sling     |   139 |    85 ||   224
  Use: Potion            |     1 |     2 ||     3
       Scroll            |       |     2 ||     2
  Eat: Chunk             |     3 |     2 ||     5
Armor: Robe              |    18 |     7 ||    25
       Skin              |    35 |       ||    35
Dodge: Dodged            |   110 |    32 ||   142
